 Dungeon Crawl Stone Soup version 0.23-a0-644-gb60d84b (webtiles) character file.

352 Borgoz the Ruffian (level 6, -1/53 HPs)
             Began as a Ghoul Gladiator on Jan 1, 2019.
             Slain by a centaur zombie (5 damage)
             ... on level 5 of the Dungeon.
             The game lasted 00:04:52 (2369 turns).

Borgoz the Ruffian (Ghoul Gladiator)                Turns: 2369, Time: 00:04:52

Health: -1/53      AC:  6    Str: 23    XL:     6   Next: 62%
Magic:  5/5        EV: 12    Int:  3    God:
Gold:   56         SH:  0    Dex: 12    Spells: 5/5 levels left

rFire    . . .     SeeInvis .     - Unarmed
rCold    + + +     Gourm    .   (no shield)
rNeg     + + +     Faith    .   p - +0 ring mail
rPois    ∞         Spirit   .   b - +0 helmet
rElec    .         Reflect  .   (no cloak)
rCorr    .         Harm     .   (no gloves)
MR       .....                  (no boots)
Stlth    +.........             (no amulet)
HPRegen  0.00/turn              h - ring of protection from cold
MPRegen  0.09/turn              l - ring of protection from cold

@: mighty, rotting
A: rotting body, claws 1, carnivore, cold resistance 1, negative energy
resistance 3, inhibited regeneration, torment resistance, unbreathing
a: no special abilities


You were on level 5 of the Dungeon.
You were not hungry.

You visited 1 branch of the dungeon, and saw 6 of its levels.

You collected 56 gold pieces.

Inventory:

Missiles
 c - 3 throwing nets (quivered)
Armour
 b - a +0 helmet (worn)
 p - a +0 ring mail (worn)
Jewellery
 h - a ring of protection from cold (left claw)
 l - a ring of protection from cold (right claw)
Scrolls
 e - a scroll of identify {unknown}
 f - 2 scrolls of amnesia
 i - 2 scrolls of teleportation
 k - a scroll of fog {unknown}
Potions
 j - a potion of agility {unknown}
 m - 2 potions of lignification {unknown}
 n - a potion of flight {unknown}
 o - a potion of resistance {unknown}
Comestibles
 d - 2 rations


   Skills:
 * Level 4.6 Fighting
 - Level 1.7 Throwing
 + Level 2.1 Armour
 + Level 3.6 Dodging
 * Level 5.2 Unarmed Combat


You had 5 spell levels left.
You didn't know any spells.
Your spell library was empty.

Dungeon Overview and Level Annotations

Branches:
Dungeon (6/15)
 Temple: D:4-7

Altars:
Ashenzari
Cheibriados
Dithmenos
Gozag
Hepliaklqana
Ru
Xom


Innate Abilities, Weirdness & Mutations

Your body is rotting away.
You thrive on raw meat.
You are immune to poison.
You have sharp fingernails.
You are carnivorous and can eat meat at any time.
Your flesh is cold resistant. (rC+)
You are immune to negative energy. (rN+++)
You do not regenerate when monsters are visible.
You are immune to unholy pain and torment.
You can survive without breathing.


Message History

The centaur zombie hits you but does no damage.
You completely miss the worker ant.
The worker ant is almost dead.
The worker ant barely misses you. The centaur zombie hits you.
* * * LOW HITPOINT WARNING * * *
The centaur zombie barely misses you. The centaur zombie hits you.
* * * LOW HITPOINT WARNING * * *
The centaur zombie closely misses you.
You claw the centaur zombie!
The centaur zombie is moderately damaged.
The centaur zombie completely misses you.
You scratch the centaur zombie but do no damage.
The centaur zombie is moderately damaged.
The centaur zombie hits you.
* * * LOW HITPOINT WARNING * * *
It was a potion of might.
You feel very mighty all of a sudden. The centaur zombie closely misses you.
The centaur zombie hits you.
You die...

#.......# #.......#
#.......#
#.......#######
#######...[...#
#.......# #.......#.
###########.........
.......@Za........##
##########'#.##+#...
.....# ... +<.....#
.. #.......#
#.......# #.......#
+........


You could see a worker ant and a centaur zombie.

Vanquished Creatures
  An ogre (D:5)
  2 crimson imps (D:5)
  A hound (D:5)
  An orc wizard (D:3)
  2 worker ants
  2 adders (D:2)
  2 worms (D:3)
  A dart slug (D:2)
  3 leopard geckos
  2 orcs (D:3)
  5 bats
  3 giant cockroaches
  8 goblins
  7 hobgoblins
  4 jackals (D:3)
  A quokka (D:2)
  A ball python (D:2)
  3 frilled lizards
  10 kobolds
  7 rats
  A bush (D:1)
67 creatures vanquished.

Vanquished Creatures (others)
  5 dream sheep (D:3)
5 creatures vanquished.

Grand Total: 72 creatures vanquished

Notes
Turn   | Place    | Note
-------+----------+-------------------------------------------
     0 | D:1      | Borgoz the Ghoul Gladiator began the quest for the Orb.
     0 | D:1      | Reached XP level 1. HP: 17/17 MP: 0/0
   337 | D:1      | Reached XP level 2. HP: 23/24 MP: 1/1
   585 | D:1      | Reached XP level 3. HP: 29/30 MP: 2/2
  1302 | D:2      | Reached skill level 1 in Armour
  1332 | D:2      | Reached skill level 4 in Unarmed Combat
  1332 | D:2      | Reached XP level 4. HP: 31/38 MP: 3/3
  1718 | D:3      | Reached XP level 5. HP: 46/46 MP: 4/4
  1734 | D:3      | Found a shadowy altar of Dithmenos.
  1738 | D:3      | Found a snail-covered altar of Cheibriados.
  1739 | D:3      | Found a hazy altar of Hepliaklqana.
  1740 | D:3      | Found an opulent altar of Gozag.
  1740 | D:3      | Found a shattered altar of Ashenzari.
  1745 | D:3      | Found a sacrificial altar of Ru.
  1789 | D:3      | Found a sacrificial altar of Ru.
  1848 | D:3      | Found a shimmering altar of Xom.
  1848 | D:3      | Noticed a dream sheep
  1848 | D:3      | Noticed a dream sheep
  1848 | D:3      | Noticed a dream sheep
  1848 | D:3      | Noticed a dream sheep
  1848 | D:3      | Noticed a dream sheep
  1853 | D:3      | Killed a dream sheep
  1853 | D:3      | Killed a dream sheep
  1853 | D:3      | Killed a dream sheep
  1853 | D:3      | Killed a dream sheep
  1853 | D:3      | Killed a dream sheep
  1949 | D:5      | Entered Level 5 of the Dungeon
  1993 | D:5      | Reached XP level 6. HP: 35/51 MP: 5/5
  2022 | D:5      | Reached skill level 5 in Unarmed Combat
  2369 | D:5      | Slain by a centaur zombie

Vault maps used:
D:1:      ncdulo_smallfort, serial_forest, infiniplex_forest_join,
          infiniplex_forest_clump_curved, infiniplex_forest_straight_2,
          infiniplex_forest_clump_medium, infiniplex_forest_lined_1,
          infiniplex_forest_end_2
D:3:      minitemple, kb_xom_exploding_sheep, minmay_strange_pillars,
          kennysheep_path_1, corner_web_ring, nicolae_ru_awakened_eye
D:4:      minmay_temple_entry_from_below_b, serial_shops, shop_fountains,
          chequers_serial_rivers_room_b
D:5:      fedhas_bush_and_centaur_altar, first_ration

Skill      XL: |  1  2  3  4  5  6 |
---------------+-------------------+-----
Fighting       | 3 4 |  4.6
Armour         | 1 2 |  2.1
Dodging        | 3 |  3.6
Unarmed Combat | 4 5 |  5.2
Throwing       | |  1.7

Action                   |  1- 3 |  4- 6 || total
-------------------------+-------+-------++-------
Melee: Unarmed           |   190 |   129 ||   319
       Punch             |     5 |     3 ||     8
  Use: Scroll            |       |     2 ||     2
       Potion            |       |     1 ||     1
  Eat: Chunk             |     9 |    14 ||    23
Armor: Leather armour    |    35 |    19 ||    54
       Ring mail         |       |    19 ||    19
Dodge: Dodged            |    73 |   110 ||   183

Table legend:
 A = Non-vault XP
 B = Vault XP
 C = Vault XP percentage of total XP
 D = Non-vault monster count
 E = Vault monster count
 F = Vault count percentage of total count
                 A         B        C        D         E       F
            +---------+---------+-------+---------+---------+-------
      Total |     504 |       0 |   0.0 |      66 |       0 |   0.0
            +---------+---------+-------+---------+---------+-------
        D:1 |      44 |       0 |   0.0 |      27 |       0 |   0.0
        D:2 |      39 |       0 |   0.0 |       9 |       0 |   0.0
        D:3 |      85 |       0 |   0.0 |      21 |       0 |   0.0
        D:4 |      37 |       0 |   0.0 |       2 |       0 |   0.0
        D:5 |     299 |       0 |   0.0 |       7 |       0 |   0.0
            +---------+---------+-------+---------+---------+-------
